Map: [ESL] Data-C

Players

Solar

  • Race: Zerg Zerg
  • League: Master
  • Spawn Location: 3:00

llllllllllll (herO) - Winner!

  • Race: Protoss Protoss
  • League: Master
  • Spawn Location: 9:00

VOD

Have the link to the VOD?

Description

Time

  • Played on: Oct. 22, 2022, 10:39 a.m.
  • Length: 4:55
Show
View Real Time Build Order
Export as new Build Order

Solar Zerg 

Build Orders: Hatch First, Zergling Baneling 

Get SALT Encoding   

  12  0:00  Drone  
  13  0:12  Overlord  
  13  0:17  Drone  
  14  0:30  Drone x2  
  16  0:48  Hatchery  
  15  0:52  Drone  
  15  0:55  Drone  
  17  1:00  Drone  
  18  1:10  Extractor  
  17  1:15  Spawning Pool  
  17  1:18  Drone  
  17  1:22  Drone  
  18  1:29  Drone  
  19  1:39  Drone  
  20  1:51  Overlord  
  20  2:02  Queen x2  
  20  2:03  Drone x2  
  26  2:12  Drone x2  
  26  2:13  Metabolic Boost  
  28  2:27  Zergling x4  
  30  2:32  Zergling x4  
  32  2:44  Overlord  
  32  2:45  Baneling Nest  
  32  2:46  Zergling x2  
  32  2:54  Zergling x4  
  34  3:05  Zergling x2, Overlord  
  34  3:10  Zergling x12  
  41  3:18  Zergling x4  
  43  3:28  Zergling x4  
  43  3:32  Baneling x5  
  45  3:39  Overlord  
  45  3:41  Zergling x4  
  47  3:42  Baneling  
  47  3:48  Overlord  
  47  3:50  Baneling  
  47  3:59  Zergling x10  
  48  4:05  Baneling  
  48  4:06  Zergling x2  
  40  4:12  Zergling x4  
  39  4:20  Zergling x12  
  42  4:24  Zergling x2  
Show
View Real Time Build Order
Export as new Build Order

llllllllllll Protoss - Winner!

Build Orders: 1 Gate Expand, Oracle Opening 

Get SALT Encoding   

  12  0:00  Probe  
  13  0:12  Probe  
  14  0:17  Pylon  
  14  0:24  Probe (Chrono Boost)  
  15  0:30  Assimilator  
  16  0:36  Probe (Chrono Boost)  
  16  0:43  Probe (Chrono Boost)  
  16  0:47  Gateway  
  17  0:51  Probe  
  18  1:03  Probe  
  19  1:15  Probe  
  20  1:24  Nexus  
  20  1:34  Cybernetics Core  
  20  1:37  Probe  
  21  1:42  Assimilator  
  21  1:49  Probe  
  21  1:52  Pylon  
  22  2:01  Probe  
  23  2:10  Warp Gate, Stalker  
  23  2:13  Probe (Chrono Boost)  
  26  2:19  Stargate  
  26  2:24  Probe (Chrono Boost)  
  26  2:29  Probe (Chrono Boost)  
  27  2:36  Probe (Chrono Boost)  
  29  2:40  Adept  
  29  2:42  Probe (Chrono Boost)  
  32  2:49  Probe (Chrono Boost)  
  33  2:56  Probe (Chrono Boost)  
  33  2:57  Probe (Chrono Boost)  
  35  3:00  Oracle (Chrono Boost)  
  35  3:03  Probe  
  35  3:04  Probe  
  40  3:05  Pylon  
  40  3:12  Adept  
  42  3:17  Probe x2  
  44  3:24  Gateway  
  44  3:27  Oracle (Chrono Boost)  
  44  3:31  Probe x2  
  49  3:47  Nexus  
  49  3:49  Pylon  
  49  3:50  Probe  
  49  3:51  Probe  
  51  3:57  Adept  
  51  4:01  Oracle (Chrono Boost)  
  47  4:12  Pylon  
  47  4:13  Shield Battery  
  47  4:18  Stalker  
  47  4:19  Probe x2  
  47  4:20  Shield Battery  
Tags
 
Add a new tag
Caveats
  • Supply blocks, unpowered buildings, or Contaminate may cause inaccurate times.
  • Supply counts are checked every 10 seconds.